 Dungeon Crawl Stone Soup version 0.18.1-47-g9310371 (webtiles) character file.

148645 Liquid the Whirler (level 18, 0/124 HPs)
             Began as a Halfling Hunter on June 16, 2016.
             Was an Initiate of Gozag.
             Slain by a jumping spider (6 damage)
             ... on level 3 of the Spider Nest.
             The game lasted 01:37:41 (33031 turns).

Liquid the Whirler (Halfling Hunter)               Turns: 33031, Time: 01:37:42

Health: 0/124      AC:  6    Str: 12    XL:     18   Next: 11%
Magic:  31/31      EV:  9    Int: 10    God:    Gozag
Gold:   2488       SH:  0    Dex: 30    Spells: 4 memorised, 23 levels left

rFire  . . .     SeeInvis +     J - +9 greatsling (flame)
rCold  . . .     Gourm    .     y - +0 chain mail of Sloth {*Drain rPois rCorr SInv}
rNeg   + . .     Faith    .     C - +0 buckler
rPois  +         Spirit   .     B - +2 helmet
rElec  .         Dismiss  .     u - +1 cloak
rCorr  +         Reflect  +     c - +1 pair of gloves
SustAt .         Harm     .     q - +2 pair of boots
MR     +....                    f - brooch of Shielding {Reflect SH+8}
Stlth  +.........               t - +6 ring of protection
                                M - ring of Sloth {rN+ Dex+7 SInv}

@: corroded, held, repel missiles, somewhat resistant to hostile enchantments,
very unstealthy
A: mutation resistance 1
a: Potion Petition, Call Merchant, Bribe Branch, Renounce Religion


You were on level 3 of the Spider Nest.
You worshipped Gozag.
Gozag was noncommittal.
You were not hungry.

You visited 5 branches of the dungeon, and saw 29 of its levels.
You also visited: Sewer, Bailey, Ice Cave and Volcano.

You collected 11597 gold pieces.
You spent 5887 gold pieces at shops.
You paid 3222 gold pieces to Gozag.

Inventory:

Hand Weapons
 J - a +9 greatsling of flaming (weapon)
Missiles
 d - 79 sling bullets
 h - 80 stones (quivered)
Armour
 c - a +1 pair of gloves (worn)
 q - a +2 pair of boots (worn)
 u - a +1 cloak (worn)
 y - the +0 chain mail of Sloth (worn) {*Drain rPois rCorr SInv}
   (You bought it in a shop on level 1 of the Lair of Beasts)

   It protects you from poison.
   It lets you see invisible.
   It protects you from acid and corrosion.
   It causes draining when unequipped.
 B - a +2 helmet (worn)
 C - a +0 buckler (worn)
Rods
 G - a +2 rod of shadows (10/10)
   (You found it in an ice cave)
Jewellery
 f - the brooch of Shielding (around neck) {Reflect SH+8}
   (You bought it in a shop on level 1 of the Lair of Beasts)

   [amulet of reflection]

   It shields you and reflects attacks.
   It affects your SH (+8).
 o - an uncursed ring of protection from cold
 t - a +6 ring of protection (right hand)
 H - an uncursed ring of protection from fire {unknown}
 M - the ring of Sloth (left hand) {rN+ Dex+7 SInv}
   (You bought it in a shop on level 1 of the Lair of Beasts)

   [ring of see invisible]

   It affects your dexterity (+7).
   It protects you from negative energy.
   It lets you see invisible.
 O - an uncursed ring of positive energy {unknown}
 P - an uncursed ring of protection from magic
 Q - an uncursed ring of sustain attributes
 S - an uncursed ring of fire
Wands
 b - a wand of disintegration (17/24)
 l - a wand of teleportation (4/9)
 I - a wand of disintegration (5/24)
 V - a wand of digging (5/24)
Scrolls
 g - 15 scrolls of remove curse
 k - 10 scrolls of teleportation
 v - a scroll of fear
 x - 6 scrolls of enchant armour
 K - 9 scrolls of recharging
 L - 5 scrolls of amnesia
 U - 5 scrolls of magic mapping
Potions
 e - 2 potions of cancellation
 i - 3 potions of berserk rage
 j - 3 potions of lignification
 m - 15 potions of curing
 n - 5 potions of might
 p - 2 potions of magic
 r - 3 potions of resistance
 w - 7 potions of heal wounds
 z - 2 potions of haste
 A - 4 potions of brilliance
 E - 2 potions of ambrosia
 F - 9 potions of agility
 N - 2 potions of flight
 T - 4 potions of cure mutation
Miscellaneous
 Z - 2 phantom mirrors
Comestibles
 a - 3 royal jellies
 s - 27 fruits
 D - 7 meat rations


   Skills:
 + Level 11.4 Fighting
 - Level 17.1 Slings
 + Level 11.6 Armour
 + Level 12.1 Dodging
 - Level 5.6 Stealth
 - Level 5.4 Shields
 * Level 9.8 Spellcasting
 - Level 5.0 Conjurations
 - Level 8.0 Charms
 + Level 6.6 Translocations
 - Level 11.3 Air Magic
 - Level 5.1 Poison Magic


You had 23 spell levels left.
You knew the following spells:

 Your Spells              Type           Power        Failure   Level  Hunger
a - Blink                 Tloc           N/A          28%         2    #......
b - Repel Missiles        Chrm/Air       ###...       10%         2    #......
c - Mephitic Cloud        Conj/Pois/Air  ###.....     41%         3    ##.....
d - Deflect Missiles      Chrm/Air       ###.......   100%        6    #######


Dungeon Overview and Level Annotations

Branches:
Dungeon (15/15)            Temple (1/1) D:5            Lair (8/8) D:10
 Shoals (0/4) Lair:4       Spider (3/4) Lair:4        Slime (0/6) Lair:7
    Orc (2/2) D:10            Elf (0/3) Orc:2        Vaults (0/5) D:13
 Depths (0/5) D:15

Altars:
Ashenzari
Fedhas
Gozag
Makhleb
Nemelex Xobeh
Pakellas
Qazlal
Ru
Trog
Vehumet
Yredelemnul
The Shining One
Beogh

Shops:
D:6 ?   D:9 ?   D:10 ?   D:14 *   Orc:1 [   Orc:2 [::!   Lair:1 [[(=

Portals:
Hell: Lair:8


Innate Abilities, Weirdness & Mutations

You are small and have problems with some larger weapons.
You are somewhat resistant to further mutation.


Message History

You see here 2 stones.
You disentangle yourself.
The jumping spider closely misses you. You block the jumping spider's attack.
Unknown command.
There is a stone staircase leading up, spattered with blood here.
You see here 3 stones.
The jumping spider pounces on you!
* * * LOW HITPOINT WARNING * * *
You are caught in a web!
The jumping spider completely misses you.
There is a web, spattered with blood here.
You see here 5 stones.
You struggle to detach yourself from the web.
The jumping spider pounces on you!
* * * LOW HITPOINT WARNING * * *
The jumping spider bites you.
* * * LOW HITPOINT WARNING * * *
The jumping spider pounces on you.
You die...
Your body crumbles into a pile of gold.

........## ##.##......#.....^##.
......### ###......##.....##..
.....## #######..#...#........^.
^^.#######.##..##................
##...#.^#...#.................^..
#..^............##..#.....##..#..
#...............#####......####..
##..............#<^^..........#..
.####.......#...@s(..............
...#....#..##......(......(...#..
...#..########(.....(#..#...####.
..###....# ###(....########....
..#......# #.......# ####.^...
..#.....## ####...(..###..#.....
..#......# #...((.#####...##....
.###....## #.......## #.........
...#.....# #......>.# ##........


You could see a jumping spider.

Vanquished Creatures
  Arachne (Spider:2)
  Rupert (Lair:7)
  Gastronok (D:9)
  A ghost moth (Spider:2)
  2 emperor scorpions (Spider:3)
  Nessos (Lair:6)
  Azrael (D:12)
  A spark wasp (Spider:3)
  Snorg (Lair:3)
  3 dire elephants (Lair:8)
  Josephine (Lair:8)
  An ettin (Orc:2)
  Fannar (Lair:1)
  A vault guard (D:13)
  A fire dragon (D:15)
  An entropy weaver (Spider:1)
  Erolcha (D:9)
  9 hydras
  Harold (D:12)
  An ice dragon (D:15)
  Erica (Lair:2)
  4 centaur warriors
  6 death yaks (Lair:4)
  2 catoblepae
  2 tengu warriors
  Urug (D:14)
  Nergalle (Lair:4)
  3 skeletal warriors (D:14)
  A fire crab (shapeshifter) (D:14)
  An unseen horror (D:12)
  A lindwurm (shapeshifter) (Bailey)
  5 hill giants
  9 orc knights
  21 wolf spiders
  9 orb spiders
  2 necromancers (D:13)
  3 ugly things (D:12)
  3 hornets
  3 deep elf magi
  3 wizards
  2 manticores
  An orc sorcerer (Orc:1)
  4 griffons
  A sixfirhy (Lair:8)
  3 centaur zombies
  A moth of wrath (Spider:3)
  4 cyclopes
  A black mamba (shapeshifter) (D:15)
  2 ice statues (IceCv)
  A smoke demon (Lair:8)
  6 black mambas
  A gargoyle (D:13)
  3 orange demons (Lair:8)
  14 spiny frogs
  A torpor snail (Spider:3)
  2 rime drakes
  5 komodo dragons
  19 demonic crawlers
  3 tengu conjurers
  8 ice devils
  A komodo dragon (shapeshifter) (D:13)
  A freezing wraith (D:14)
  A queen bee (Lair:6)
  3 trolls
  A red devil (Lair:8)
  The ghost of KrisztiCat the Digger, a novice GrEE of Vehumet (D:3)
  A queen bee (shapeshifter) (D:14)
  A hellwing (Lair:8)
  26 jumping spiders
  A two-headed ogre (Orc:1)
  12 slime creatures
  3 boulder beetles
  25 blink frogs
  A spriggan (shapeshifter) (D:10)
  3 wyverns
  A hog (shapeshifter) (D:14)
  33 redbacks
  A vampire (D:10)
  10 hippogriffs
  4 fire elementals
  28 yaks
  17 tarantellas
  Grum (Lair:1)
  7 wraiths
  3 basilisks
  7 vampire mosquitoes
  19 humans (D:13)
  4 hungry ghosts
  A redback simulacrum (D:14)
  7 wargs
  A mottled dragon (D:11)
  3 hell hounds (D:12)
  16 water moccasins
  Duvessa (D:6)
  11 porcupines
  A black bear (D:11)
  9 ice beasts
  3 sky beasts
  51 orc warriors
  A wasp (Spider:1)
  11 wolves
  15 ogres
  4 phantoms
  13 centaurs
  14 crocodiles
  3 big kobolds
  30 giant frogs
  Dowan (D:6)
  A wyvern zombie (D:9)
  6 scorpions
  2 troll zombies (D:10)
  14 wights
  20 killer bees
  3 howler monkeys
  3 electric eels
  4 crimson imps
  2 giant frog zombies
  A quasit (D:15)
  3 giant frog skeletons
  3 jellies
  7 hounds
  12 orc priests
  18 orc wizards
  7 centaur skeletons
  10 iguanas
  Ijyb (D:2)
  5 hell rats (Lair:1)
  7 worker ants
  15 sheep
  6 ogre zombies (D:10)
  A hound zombie (D:8)
  A howler monkey zombie (D:6)
  4 worker ant zombies (D:5)
  8 gnolls
  3 howler monkey skeletons
  45 river rats
  16 adders
  4 shadow imps
  3 oozes
  3 adder skeletons
  3 worms
  4 dart slugs
  12 giant geckos
  103 orcs
  5 ball pythons
  2 giant cockroaches (D:5)
  17 goblins
  5 hobgoblins
  18 jackals
  4 quokkas
  10 bats
  A giant gecko skeleton (D:5)
  10 giant newts
  3 goblin skeletons (D:10)
  A goblin zombie (D:10)
  A hobgoblin zombie (D:10)
  A jackal skeleton (D:7)
  A jackal zombie (D:5)
  23 kobolds
  5 orc skeletons (D:10)
  15 orc zombies (D:10)
  A quokka zombie (D:5)
  13 rats
  5 fire vortices (Volcano)
  2 plants (Sewer)
1109 creatures vanquished.

Vanquished Creatures (others)
  2 redbacks (Spider:3)
  An orc warrior (Orc:1)
  10 fungi
  9 plants
22 creatures vanquished.

Grand Total: 1131 creatures vanquished

Notes
Turn   | Place    | Note
--------------------------------------------------------------
     0 | D:1      | Liquid the Halfling Hunter began the quest for the Orb.
     0 | D:1      | Reached XP level 1. HP: 14/14 MP: 1/1
    62 | D:1      | Reached skill level 6 in Slings
   115 | D:1      | Reached XP level 2. HP: 4/19 MP: 2/2
   535 | D:1      | Reached XP level 3. HP: 24/24 MP: 3/3
   815 | D:2      | Found a radiant altar of Vehumet.
   820 | D:2      | Found an opulent altar of Gozag.
   824 | D:2      | Found a basalt altar of Yredelemnul.
   834 | D:2      | Became a worshipper of Gozag Ym Sagoz the Greedy
   989 | D:2      | Reached XP level 4. HP: 29/29 MP: 4/4
  1042 | D:2      | Noticed Ijyb
  1070 | D:2      | Killed Ijyb
  1070 | D:2      | Reached skill level 7 in Slings
  1313 | D:2      | Reached XP level 5. HP: 34/34 MP: 5/5
  2003 | D:3      | Found a bloodstained altar of Trog.
  2074 | D:3      | Found a faded altar to an unknown god.
  2538 | D:3      | Reached skill level 8 in Slings
  2538 | D:3      | Reached XP level 6. HP: 36/41 MP: 6/6
  2668 | D:3      | Noticed KrisztiCat's ghost (novice GrEE)
  2696 | D:3      | Killed KrisztiCat's ghost
  2696 | D:3      | Reached XP level 7. HP: 41/46 MP: 7/7
  2938 | D:4      | Reached skill level 9 in Slings
  3246 | D:4      | Noticed a hippogriff
  3338 | D:4      | Killed a hippogriff
  4001 | D:5      | Entered Level 5 of the Dungeon
  4034 | D:5      | Found a staircase to the Ecumenical Temple.
  4045 | Temple   | Entered the Ecumenical Temple
  4078 | D:5      | Reached XP level 8. HP: 38/53 MP: 8/8
  4195 | D:5      | Reached skill level 10 in Slings
  4489 | D:5      | Found a glowing drain.
  4493 | Sewer    | Entered a sewer
  4721 | Sewer    | Reached skill level 5 in Dodging
  5431 | D:5      | Reached skill level 5 in Stealth
  5601 | D:5      | Reached skill level 1 in Armour
  6139 | D:5      | Reached skill level 11 in Slings
  6139 | D:5      | Reached XP level 9. HP: 8/59 MP: 9/9
  6213 | D:6      | Found Fonuts's Magic Scroll Emporium.
  6217 | D:6      | Bought a scroll of acquirement for 676 gold pieces
  6229 | D:6      | Noticed Dowan
  6545 | D:6      | Found a glowing golden altar of the Shining One.
  6548 | D:6      | Noticed Duvessa
  6567 | D:6      | Killed Duvessa
  6576 | D:6      | Killed Dowan
  7063 | D:7      | Reached skill level 5 in Fighting
  7088 | D:7      | Reached skill level 12 in Slings
  7914 | D:6      | Bought a scroll of acquirement for 676 gold pieces
  8259 | D:8      | Reached XP level 10. HP: 65/68 MP: 10/10
  8318 | D:8      | Found a shattered altar of Ashenzari.
  8319 | D:8      | Found a sacrificial altar of Ru.
  8423 | D:8      | Found a flagged portal.
  8453 | Bailey   | Entered a bailey
  8453 | Bailey   | Noticed an orc knight
  8475 | Bailey   | Reached skill level 13 in Slings
  8496 | Bailey   | Noticed a salamander
  8496 | Bailey   | an orc knight changed into a salamander
  8504 | Bailey   | Reached skill level 5 in Armour
  8510 | Bailey   | Noticed a lindwurm
  8510 | Bailey   | a salamander changed into a lindwurm
  8517 | Bailey   | Killed a lindwurm
  8533 | Bailey   | Noticed an orc knight
  9226 | D:8      | Reached skill level 14 in Slings
  9906 | D:9      | Found a stormy altar of Qazlal.
  9920 | D:9      | Found Qixeikana's Magic Scroll Boutique.
  9956 | D:9      | Bought a scroll of enchant weapon for 105 gold pieces
  9956 | D:9      | Bought a scroll of teleportation for 42 gold pieces
  9956 | D:9      | Bought a scroll of identify for 28 gold pieces
  9997 | D:9      | Found an oddly glowing altar of Pakellas.
 10002 | D:9      | Reached XP level 11. HP: 74/74 MP: 11/11
 10104 | D:9      | Noticed Erolcha
 10111 | D:9      | Killed Erolcha
 10260 | D:9      | Noticed Gastronok
 10278 | D:9      | Killed Gastronok
 10278 | D:9      | Reached skill level 15 in Slings
 10647 | D:10     | Entered Level 10 of the Dungeon
 10683 | D:10     | Found a staircase to the Orcish Mines.
 10857 | D:10     | Found Miseutre's Magic Scroll Boutique.
 10912 | D:10     | Noticed a cyclops
 10924 | D:10     | Killed a cyclops
 10928 | D:10     | Bought a scroll of identify for 28 gold pieces
 10928 | D:10     | Bought a scroll of enchant weapon for 105 gold pieces
 10928 | D:10     | Bought a scroll of identify for 28 gold pieces
 10928 | D:10     | Bought a scroll of identify for 28 gold pieces
 10928 | D:10     | Bought a scroll of magic mapping for 49 gold pieces
 11004 | D:10     | Noticed a hill giant
 11015 | D:10     | Killed a hill giant
 11015 | D:10     | Reached skill level 1 in Spellcasting
 11060 | D:10     | Noticed a hill giant
 11067 | D:10     | Killed a hill giant
 11370 | D:6      | Bought a scroll of holy word for 97 gold pieces
 11370 | D:6      | Bought 3 scrolls of identify for 78 gold pieces
 11370 | D:6      | Bought a scroll of enchant weapon for 97 gold pieces
 11370 | D:6      | Bought a scroll of enchant weapon for 97 gold pieces
 11370 | D:6      | Bought a scroll of magic mapping for 45 gold pieces
 11370 | D:6      | Bought a scroll of enchant weapon for 97 gold pieces
 11597 | D:10     | Found a staircase to the Lair.
 11739 | Lair:1   | Entered Level 1 of the Lair of Beasts
 11787 | Lair:1   | Got a bloodstained robe
 11804 | Lair:1   | Identified the +1 robe of Angilaof {rF+ Str+4 Dex+4 SInv} (You found it on level 1 of the Lair of Beasts)
 11895 | Lair:1   | Reached XP level 12. HP: 71/82 MP: 14/14
 11999 | Lair:1   | Noticed Fannar
 12011 | Lair:1   | Killed Fannar
 12079 | Lair:1   | Noticed Grum
 12091 | Lair:1   | Killed Grum
 12690 | Lair:2   | Reached skill level 16 in Slings
 12837 | Lair:2   | Noticed Erica
 12847 | Lair:2   | Killed Erica
 13194 | Lair:2   | Noticed an eight-headed hydra
 13199 | Lair:2   | Killed an eight-headed hydra
 13694 | Lair:2   | Learned a level 2 spell: Blink
 13697 | Lair:2   | Learned a level 2 spell: Repel Missiles
 13701 | Lair:2   | Learned a level 3 spell: Mephitic Cloud
 13969 | Lair:3   | Noticed Snorg
 13976 | Lair:3   | Killed Snorg
 13976 | Lair:3   | Reached skill level 10 in Dodging
 13976 | Lair:3   | Reached skill level 1 in Charms
 13976 | Lair:3   | Reached skill level 1 in Air Magic
 14093 | Lair:3   | Reached XP level 13. HP: 90/90 MP: 18/18
 14462 | Lair:3   | Noticed a catoblepas
 14471 | Lair:3   | Killed a catoblepas
 14566 | Lair:4   | Found a staircase to the Shoals.
 14639 | Lair:4   | Reached skill level 5 in Air Magic
 15018 | Lair:4   | Noticed Nergalle
 15032 | Lair:4   | Killed Nergalle
 15032 | Lair:4   | Reached skill level 5 in Charms
 15068 | Lair:4   | Found a hole to the Spider Nest.
 16579 | Lair:6   | Found a dark tunnel.
 16588 | Volcano  | Entered a volcano
 16829 | Lair:6   | Noticed Nessos
 16836 | Lair:6   | Killed Nessos
 17107 | Lair:6   | Reached skill level 1 in Poison Magic
 17378 | Lair:6   | Reached skill level 1 in Translocations
 17407 | Lair:6   | Reached XP level 14. HP: 97/97 MP: 20/20
 18293 | Lair:7   | Reached skill level 10 in Armour
 18483 | Lair:7   | Found a staircase to the Slime Pits.
 18585 | Lair:7   | Noticed Rupert
 18958 | Lair:7   | Killed Rupert
 18958 | Lair:7   | Reached skill level 5 in Spellcasting
 19096 | Lair:8   | Entered Level 8 of the Lair of Beasts
 19219 | Lair:8   | Noticed Josephine
 19364 | Lair:8   | Killed Josephine
 19975 | Lair:8   | Noticed a dire elephant
 19988 | Lair:8   | Noticed a dire elephant
 19990 | Lair:8   | Killed a dire elephant
 20005 | Lair:8   | Killed a dire elephant
 20235 | Lair:8   | Noticed a dire elephant
 20247 | Lair:8   | Killed a dire elephant
 20292 | Lair:8   | Reached XP level 15. HP: 103/103 MP: 24/24
 20326 | Lair:8   | Found a burning altar of Makhleb.
 20350 | Lair:8   | Reached skill level 1 in Conjurations
 20647 | Lair:8   | Found a gateway to Hell.
 20678 | Lair:8   | Identified the Volume of Dusty Toxins
 20794 | Lair:8   | Reached skill level 10 in Fighting
 21207 | Lair:1   | Bought a crude leather armour for 196 gold pieces
 21207 | Lair:1   | Bought a distressingly furry scale mail for 252 gold pieces
 21207 | Lair:1   | Bought a slimy chain mail for 266 gold pieces
 21207 | Lair:1   | Bought a jewelled scale mail for 252 gold pieces
 21218 | Lair:1   | Identified the cursed +1 leather armour of Gallantry {+Fly rN+ Slay-5 Stlth+} (You bought it in a shop on level 1 of the Lair of Beasts)
 21229 | Lair:1   | Identified the +6 scale mail of the Thistle {Int+3 Slay+3} (You bought it in a shop on level 1 of the Lair of Beasts)
 21239 | Lair:1   | Identified the cursed +0 chain mail of Sloth {*Drain rPois rCorr SInv} (You bought it in a shop on level 1 of the Lair of Beasts)
 21253 | Lair:1   | Identified the +2 scale mail "Ytsofeos" {rF+ Int+2 Dex+2} (You bought it in a shop on level 1 of the Lair of Beasts)
 21432 | D:11     | Found a roughly hewn altar of Beogh.
 21588 | D:11     | Found a sparkling altar of Nemelex Xobeh.
 22255 | D:12     | Noticed Azrael
 22511 | D:12     | Killed Azrael
 22568 | D:12     | Reached skill level 5 in Poison Magic
 23083 | D:12     | Noticed Harold
 23100 | D:12     | Killed Harold
 24189 | D:13     | Found a gate to the Vaults.
 24237 | D:13     | Reached XP level 16. HP: 62/110 MP: 25/27
 24427 | D:14     | Found Joiwader's Assorted Antiques.
 24477 | D:14     | Noticed Urug
 24486 | D:14     | Killed Urug
 24486 | D:14     | Reached skill level 1 in Shields
 25518 | D:15     | Entered Level 15 of the Dungeon
 25669 | D:15     | Found a frozen archway.
 25705 | IceCv    | Entered an ice cave
 25792 | IceCv    | Identified a +2 rod of shadows (10/10) (You found it in an ice cave)
 26016 | D:15     | Found a staircase to the Depths.
 26056 | D:15     | Found a stormy altar of Qazlal.
 26287 | D:15     | Found a blossoming altar of Fedhas.
 26826 | D:14     | Reached skill level 17 in Slings
 26942 | Lair:1   | Bought the brooch of Shielding {Reflect SH+8} for 416 gold pieces
 26942 | Lair:1   | Bought the ring of Sloth {rN+ Dex+7 SInv} for 531 gold pieces
 26986 | Orc:1    | Entered Level 1 of the Orcish Mines
 27039 | Orc:1    | Found a roughly hewn altar of Beogh.
 27065 | Orc:1    | Reached skill level 10 in Air Magic
 27205 | Orc:1    | Found Ohuicucs's Antique Armour Boutique.
 27218 | Orc:1    | Reached skill level 5 in Conjurations
 27320 | Orc:1    | Bought a glowing cloak for 130 gold pieces
 27469 | Orc:2    | Entered Level 2 of the Orcish Mines
 27561 | Orc:2    | Found a burning altar of Makhleb.
 27784 | Orc:2    | Found Xish's Book Shoppe.
 27808 | Orc:2    | Reached skill level 5 in Shields
 27823 | Orc:2    | Bought the Collected Works on Feathers for 1160 gold pieces
 27831 | Orc:2    | Learned a level 6 spell: Deflect Missiles
 27918 | Orc:2    | Found a roughly hewn altar of Beogh.
 27995 | Orc:2    | Found Qyefann's Armour Shoppe.
 27995 | Orc:2    | Found Tofippol's Book Boutique.
 28020 | Orc:2    | Reached XP level 17. HP: 116/116 MP: 29/29
 28203 | Orc:2    | Found Ruderum's Distillery.
 28216 | Orc:2    | Bought a potion of heal wounds for 60 gold pieces
 28216 | Orc:2    | Bought a potion of curing for 36 gold pieces
 28216 | Orc:2    | Bought a potion of might for 48 gold pieces
 28216 | Orc:2    | Bought a potion of curing for 36 gold pieces
 28216 | Orc:2    | Bought a potion of heal wounds for 60 gold pieces
 28216 | Orc:2    | Bought a potion of agility for 48 gold pieces
 28216 | Orc:2    | Bought a potion of haste for 120 gold pieces
 28271 | Orc:2    | Found a staircase to the Elven Halls.
 28859 | Spider:1 | Entered Level 1 of the Spider Nest
 29245 | Spider:1 | Reached skill level 5 in Translocations
 30127 | Spider:2 | Noticed Arachne
 30181 | Spider:2 | Killed Arachne
 31720 | Spider:2 | Found a roughly hewn altar of Beogh.
 32585 | Spider:3 | Reached XP level 18. HP: 110/124 MP: 31/31
 33031 | Spider:3 | HP: 6/124 [jumping spider (5)]
 33031 | Spider:3 | Slain by a jumping spider

Skill      XL: |  1  2  3  4  5  6  7  8  9 10 11 12 13 14 15 16 17 |
---------------+----------------------------------------------------+-----
Slings         | 6 7 8 9 11 12 14 15 16 17 | 17.1
Fighting       | 2 3 4 5 6 7 8 9 10 11 | 11.4
Stealth        | 2 3 4 5 |  5.6
Dodging        | 3 4 5 6 7 9 10 11 12 | 12.1
Armour         | 1 4 6 7 8 9 10 11 | 11.6
Spellcasting   | 1 3 4 6 7 8 9 |  9.8
Charms         | 2 6 8 |  8.0
Air Magic      | 2 6 8 10 11 | 11.3
Poison Magic   | 1 4 5 |  5.1
Translocations | 1 4 6 |  6.6
Conjurations   | 3 5 |  5.0
Shields        | 5 |  5.4

Action                   |  1- 3 |  4- 6 |  7- 9 | 10-12 | 13-15 | 16-18 || total
-------------------------+-------+-------+-------+-------+-------+-------++-------
Melee: Short sword       |       |       |   202 |       |       |       ||   202
       Hunting sling     |       |       |     1 |       |       |       ||     1
       Greatsling        |       |       |       |     4 |     2 |       ||     6
 Fire: Hunting sling     |   101 |   252 |   632 |       |       |       ||   985
       Greatsling        |       |       |    35 |   674 |  1362 |  1769 ||  3840
 Cast: Repel Missiles    |       |       |       |       |     2 |     1 ||     3
Invok: Call Merchant     |       |       |       |       |     3 |     1 ||     4
Evoke: Wand              |       |       |       |       |       |     2 ||     2
  Use: Scroll            |     3 |     2 |     9 |    24 |    15 |     5 ||    58
       Potion            |       |       |     1 |     2 |     7 |       ||    10
  Eat: Bread ration      |       |     1 |     2 |       |     5 |     2 ||    10
       Meat ration       |       |       |     1 |     1 |     1 |       ||     3
       Fruit             |       |       |     5 |     3 |       |       ||     8
       Pizza             |       |       |       |     2 |       |       ||     2
       Beef jerky        |       |       |       |     1 |     1 |       ||     2
       Royal jelly       |       |       |       |     2 |     1 |     8 ||    11
Armor: Leather armour    |    17 |     2 |       |       |       |       ||    19
       Robe              |       |    14 |    37 |    25 |    73 |       ||   149
       Skin              |       |       |       |       |    37 |       ||    37
       Scale mail        |       |       |       |       |    42 |    82 ||   124
       Chain mail        |       |       |       |       |       |   297 ||   297
Dodge: Dodged            |    27 |    57 |   184 |    96 |   372 |   515 ||  1251
       Deflected         |       |       |       |       |     3 |     9 ||    12
Block: Buckler           |       |       |       |       |       |   594 ||   594
       Reflection        |       |       |       |       |       |    11 ||    11
